EVO
UNIVERSITY OF NORTH CAROLINA AT CHAPEL HILL TAR HEELS @ UNIVERSITY OF ARIZONA WILDCATS
11/16/2045
 
TOP OF THE 1ST
California State University at Fullerton Titans batting - Pitching for University of North Carolina at Chapel Hill Tar Heels : RHP Jason Vigil
Pitching: RHP Jason Vigil
Batting: LHB Caleb Domino 0-0: Called Strike
0-1: DOUBLE (Line Drive, 8RD, EV 98.1 MPH)
Batting: RHB Ingidayehu Lagat 0-0: Ball
1-0: Called Strike
1-1: Called Strike
1-2: Ground out 6-3 (Groundball, 6MS, EV 66.9 MPH)
Caleb Domino to third
Batting: LHB Dana McDonald 0-0: Ball
1-0: Ball
2-0: Ball
3-0: Base on Balls
Batting: RHB Ben Eubanks 0-0: Called Strike
0-1: Foul Ball, location: 2F
0-2: Ball
1-2: Grounds into double play, 4-6-3 (Groundball, 4, EV 85.0 MPH)
Top of the 1st over - 0 runs, 1 hit, 0 errors, 1 left on base; California State University at Fullerton 0 - University of North Carolina at Chapel Hill 0
BOTTOM OF THE 1ST
University of North Carolina at Chapel Hill Tar Heels batting - Pitching for California State University at Fullerton Titans : RHP Eric Bessire
Pitching: RHP Eric Bessire
Batting: RHB Frank Caulfield 0-0: Ball
1-0: Fly out, F9 (Flyball, 9, EV 88.8 MPH)
Batting: SHB Chris Kinsey 0-0: Ground out U3 (Groundball, 3, EV 90.0 MPH)
Batting: RHB Blake Beale 0-0: Ball
1-0: Ball
2-0: Ball
3-0: Called Strike
3-1: Foul Ball, location: 2F
3-2: Foul Ball, location: 2F
3-2: Foul Ball, location: 2F
3-2: Ground out 6-3 (Groundball, 6, EV 81.9 MPH)
Bottom of the 1st over - 0 runs, 0 hits, 0 errors, 0 left on base; California State University at Fullerton 0 - University of North Carolina at Chapel Hill 0
TOP OF THE 2ND
California State University at Fullerton Titans batting - Pitching for University of North Carolina at Chapel Hill Tar Heels : RHP Jason Vigil
Batting: SHB Trevor Weareorwear 0-0: Ground out U3 (Groundball, 3S, EV 85.6 MPH)
Batting: RHB Michael Rogers 0-0: Ball
1-0: Ball
2-0: Called Strike
2-1: Fly out, F8 (Line Drive, 8RD, EV 86.9 MPH)
Batting: RHB Ed Oake 0-0: Called Strike
0-1: Foul Ball, location: 2F
0-2: Ball
1-2: Ball
2-2: Foul Ball, location: 2F
2-2: Strikes out swinging
Top of the 2nd over - 0 runs, 0 hits, 0 errors, 0 left on base; California State University at Fullerton 0 - University of North Carolina at Chapel Hill 0
BOTTOM OF THE 2ND
University of North Carolina at Chapel Hill Tar Heels batting - Pitching for California State University at Fullerton Titans : RHP Eric Bessire
Batting: RHB Jim Fisher 0-0: Ball
1-0: Called Strike
1-1: Foul Ball, location: 2F
1-2: Fly out, F8 (Flyball, 8RM, EV 81.3 MPH)
Batting: RHB Matt Stepanek 0-0: Ball
1-0: Called Strike
1-1: Called Strike
1-2: Foul Ball, location: 2F
1-2: Ball
2-2: Hit by Pitch
Batting: LHB Juan Ramirez 0-0: Called Strike
0-1: Foul Ball, location: 2F
0-2: Ball
1-2: Fly out, F9 (Flyball, 89S, EV 86.9 MPH)
Batting: LHB Soo-yeon Kym 0-0: Called Strike
0-1: Called Strike
0-2: Ball
1-2: Fly out, F5 (Line Drive, 5, EV 68.1 MPH)
Bottom of the 2nd over - 0 runs, 0 hits, 0 errors, 1 left on base; California State University at Fullerton 0 - University of North Carolina at Chapel Hill 0
TOP OF THE 3RD
California State University at Fullerton Titans batting - Pitching for University of North Carolina at Chapel Hill Tar Heels : RHP Jason Vigil
Batting: RHB Dusty Ballard 0-0: Foul Ball, location: 2F
0-1: Swinging Strike
0-2: Ball
1-2: Ball
2-2: Foul Ball, location: 2F
2-2: Strikes out swinging
Batting: RHB Eric Bessire 0-0: Called Strike
0-1: Foul Ball, location: 2F
0-2: Strikes out swinging
Batting: LHB Caleb Domino 0-0: Ball
1-0: Ball
2-0: Ball
3-0: Base on Balls
Batting: RHB Ingidayehu Lagat 0-0: Ball
1-0: Called Strike
Caleb Domino steals 2nd, throwing error, E2
Caleb Domino to third
1-1: Swinging Strike
1-2: Fly out, F7 (Flyball, 7LM, EV 103.1 MPH)
Top of the 3rd over - 0 runs, 0 hits, 1 error, 1 left on base; California State University at Fullerton 0 - University of North Carolina at Chapel Hill 0
BOTTOM OF THE 3RD
University of North Carolina at Chapel Hill Tar Heels batting - Pitching for California State University at Fullerton Titans : RHP Eric Bessire
Batting: RHB Steve Gajewski 0-0: Foul Ball, location: 2F
0-1: Foul Ball, location: 2F
0-2: Ball
1-2: Ground out 6-3 (Groundball, 6, EV 84.4 MPH)
Batting: RHB Jason Vigil 0-0: Ball
1-0: Called Strike
1-1: Called Strike
1-2: Strikes out swinging
Batting: RHB Frank Caulfield 0-0: Ball
1-0: Called Strike
1-1: Ball
2-1: SINGLE (Line Drive, 9S, EV 100.6 MPH)
Batting: SHB Chris Kinsey 0-0: Called Strike
0-1: Fly out, F8 (Line Drive, 8RM, EV 91.3 MPH)
Bottom of the 3rd over - 0 runs, 1 hit, 0 errors, 1 left on base; California State University at Fullerton 0 - University of North Carolina at Chapel Hill 0
TOP OF THE 4TH
California State University at Fullerton Titans batting - Pitching for University of North Carolina at Chapel Hill Tar Heels : RHP Jason Vigil
Batting: LHB Dana McDonald 0-0: Foul Ball, location: 2F
0-1: Ball
1-1: Ball
2-1: Called Strike
2-2: Foul Ball, location: 2F
2-2: SINGLE (Flyball, 8LS, EV 91.3 MPH)
Batting: RHB Ben Eubanks 0-0: Swinging Strike
0-1: Fly out, F4 (Flyball, 34D, EV 79.4 MPH)
Batting: SHB Trevor Weareorwear 0-0: Ball
1-0: SINGLE (Groundball, 6MD, EV 105.0 MPH)
Dana McDonald to second
Runner from 2nd tries for 3rd, SAFE, throw by CF made to third
Batting: RHB Michael Rogers 0-0: Ball
1-0: Ball
2-0: Ball
3-0: Called Strike
3-1: Foul Ball, location: 2F
3-2: Strikes out swinging
Batting: RHB Ed Oake 0-0: Called Strike
0-1: Ball
1-1: Fly out, F3 (Popup, 34S, EV 65.6 MPH)
Top of the 4th over - 0 runs, 2 hits, 0 errors, 2 left on base; California State University at Fullerton 0 - University of North Carolina at Chapel Hill 0
BOTTOM OF THE 4TH
University of North Carolina at Chapel Hill Tar Heels batting - Pitching for California State University at Fullerton Titans : RHP Eric Bessire
Batting: RHB Blake Beale 0-0: Swinging Strike
0-1: Ball
1-1: Foul Ball, location: 2F
1-2: Ball
2-2: Ground out 6-3 (Groundball, 56D, EV 98.1 MPH)
Batting: RHB Jim Fisher 0-0: Ball
1-0: Called Strike
1-1: DOUBLE (Line Drive, 89D, EV 107.5 MPH) - OUT at third base trying to stretch hit.
Batting: RHB Matt Stepanek 0-0: Ball
1-0: Ball
2-0: Ball
3-0: Base on Balls
Batting: LHB Juan Ramirez 0-0: Swinging Strike
0-1: Ball
1-1: Ball
Matt Stepanek steals 2nd base
2-1: Fly out, F4 (Popup, 4, EV 65.0 MPH)
Bottom of the 4th over - 0 runs, 1 hit, 0 errors, 1 left on base; California State University at Fullerton 0 - University of North Carolina at Chapel Hill 0
TOP OF THE 5TH
California State University at Fullerton Titans batting - Pitching for University of North Carolina at Chapel Hill Tar Heels : RHP Jason Vigil
Batting: RHB Dusty Ballard 0-0: Ball
1-0: Fly out, F8 (Line Drive, 8LD, EV 88.1 MPH)
Batting: RHB Eric Bessire 0-0: Ball
1-0: Ball
2-0: Called Strike
2-1: Swinging Strike
2-2: Strikes out looking
Batting: LHB Caleb Domino 0-0: Foul Ball, location: 2F
0-1: Ball
1-1: Ball
2-1: Foul Ball, location: 2F
2-2: Ground out 4-3 (Groundball, 4, EV 86.9 MPH)
Top of the 5th over - 0 runs, 0 hits, 0 errors, 0 left on base; California State University at Fullerton 0 - University of North Carolina at Chapel Hill 0
BOTTOM OF THE 5TH
University of North Carolina at Chapel Hill Tar Heels batting - Pitching for California State University at Fullerton Titans : RHP Eric Bessire
Batting: LHB Soo-yeon Kym 0-0: Ground out 4-3 (Groundball, 4, EV 83.8 MPH)
Batting: RHB Steve Gajewski 0-0: Swinging Strike
0-1: Swinging Strike
0-2: Fly out, F7 (Flyball, 7, EV 90.0 MPH)
Batting: RHB Jason Vigil 0-0: Ball
1-0: Ball
2-0: Called Strike
2-1: Called Strike
2-2: Strikes out swinging
Bottom of the 5th over - 0 runs, 0 hits, 0 errors, 0 left on base; California State University at Fullerton 0 - University of North Carolina at Chapel Hill 0
TOP OF THE 6TH
California State University at Fullerton Titans batting - Pitching for University of North Carolina at Chapel Hill Tar Heels : RHP Jason Vigil
Batting: RHB Ingidayehu Lagat 0-0: Foul Ball, location: 2F
0-1: Ball
1-1: DOUBLE (Groundball, 5L, EV 97.5 MPH)
Batting: LHB Dana McDonald 0-0: Intentional Walk
Pitching: RHP Nick Baxter
Batting: RHB Ben Eubanks 0-0: Foul Ball, location: 2F
0-1: Ball
1-1: Fly out, F3 (Popup, 34S, EV 81.9 MPH)
Batting: SHB Trevor Weareorwear 0-0: Called Strike
0-1: Ball
1-1: Ball
2-1: Foul Ball, location: 2F
2-2: Ball
3-2: Base on Balls
Ingidayehu Lagat to third
Dana McDonald to second
Batting: RHB Michael Rogers 0-0: Ball
1-0: Ball
2-0: Ball
3-0: Called Strike
3-1: Base on Balls
Ingidayehu Lagat scores
Dana McDonald to third
Trevor Weareorwear to second
Batting: RHB Ed Oake 0-0: Ball
1-0: Fly out, F7 (Flyball, 78D, EV 95.6 MPH)
Runner from 3rd tags up, SCORES, throw by LF
Batting: RHB Dusty Ballard 0-0: Ball
1-0: Ball
2-0: Foul Ball, location: 2F
2-1: Ball
3-1: Fly out, F9 (Flyball, 9, EV 90.0 MPH)
Top of the 6th over - 2 runs, 1 hit, 0 errors, 2 left on base; California State University at Fullerton 2 - University of North Carolina at Chapel Hill 0
BOTTOM OF THE 6TH
University of North Carolina at Chapel Hill Tar Heels batting - Pitching for California State University at Fullerton Titans : RHP Eric Bessire
Batting: RHB Frank Caulfield 0-0: Called Strike
0-1: Called Strike
0-2: Ball
1-2: Ground out 6-3 (Groundball, 6, EV 90.0 MPH)
Batting: SHB Chris Kinsey 0-0: Called Strike
0-1: Foul Ball, location: 2F
0-2: Foul Ball, location: 2F
0-2: Ball
1-2: Foul Ball, location: 2F
1-2: Ground out 6-3 (Groundball, 6, EV 100.0 MPH)
Batting: RHB Blake Beale 0-0: Ball
1-0: Foul Ball, location: 2F
1-1: Foul Ball, location: 2F
1-2: Foul Ball, location: 2F
1-2: Foul Ball, location: 2F
1-2: Strikes out swinging
Bottom of the 6th over - 0 runs, 0 hits, 0 errors, 0 left on base; California State University at Fullerton 2 - University of North Carolina at Chapel Hill 0
TOP OF THE 7TH
California State University at Fullerton Titans batting - Pitching for University of North Carolina at Chapel Hill Tar Heels : RHP Nick Baxter
Batting: RHB Eric Bessire 0-0: Ball
1-0: Foul Ball, location: 2F
1-1: Ball
2-1: Foul Ball, location: 2F
2-2: Strikes out swinging
Batting: LHB Caleb Domino 0-0: Ball
1-0: Ground out U3 (Groundball, 3, EV 104.4 MPH)
Batting: RHB Ingidayehu Lagat 0-0: Ball
1-0: Swinging Strike
1-1: Ball
2-1: Ball
3-1: Swinging Strike
3-2: Base on Balls
Batting: LHB Dana McDonald 0-0: Called Strike
0-1: Swinging Strike
0-2: Foul Ball, location: 2F
0-2: Ball
1-2: Ball
2-2: Foul Ball, location: 2F
2-2: Ball
3-2: SINGLE (Groundball, P, EV 85.0 MPH) (infield hit)
Ingidayehu Lagat to second
Batting: RHB Ben Eubanks 0-0: Ground out 5-3 (Groundball, 56S, EV 72.5 MPH)
Top of the 7th over - 0 runs, 1 hit, 0 errors, 2 left on base; California State University at Fullerton 2 - University of North Carolina at Chapel Hill 0
BOTTOM OF THE 7TH
University of North Carolina at Chapel Hill Tar Heels batting - Pitching for California State University at Fullerton Titans : RHP Eric Bessire
Pitching: LHP Brian Friedland
Batting: RHB Jim Fisher 0-0: Foul Ball, location: 2F
0-1: Ball
1-1: Ball
2-1: Swinging Strike
2-2: Ball
3-2: Base on Balls
Batting: RHB Matt Stepanek 0-0: Called Strike
0-1: Ball
1-1: Called Strike
1-2: Reached on error, E5 (Groundball, 5, EV 83.1 MPH)
Jim Fisher to second
Pinch Hitting: LHB Ryan Thompson 0-0: Fly out, F8 (Flyball, 89D, EV 104.4 MPH)
Runner from 2nd tags up, SAFE at 3rd with throw by CF
Batting: LHB Soo-yeon Kym 0-0: Called Strike
0-1: Ball
1-1: Ball
2-1: Ground out U3 (Groundball, 3S, EV 66.9 MPH)
Matt Stepanek to second
Batting: RHB Steve Gajewski 0-0: Ball
1-0: Called Strike
1-1: Fly out, F7 (Line Drive, 7, EV 92.5 MPH)
Bottom of the 7th over - 0 runs, 0 hits, 1 error, 2 left on base; California State University at Fullerton 2 - University of North Carolina at Chapel Hill 0
TOP OF THE 8TH
California State University at Fullerton Titans batting - Pitching for University of North Carolina at Chapel Hill Tar Heels : RHP Nick Baxter
Pitching: LHP Dave Moore
Now at 1B: Kevin Wiebe
Batting: SHB Trevor Weareorwear 0-0: Foul Ball, location: 2F
0-1: Ball
1-1: Ball
2-1: Swinging Strike
2-2: Foul Ball, location: 2F
2-2: Fly out, F8 (Line Drive, 8LD, EV 100.0 MPH)
Batting: RHB Michael Rogers 0-0: Called Strike
0-1: Ball
1-1: Swinging Strike
1-2: Strikes out looking
Batting: RHB Ed Oake 0-0: Called Strike
0-1: Swinging Strike
0-2: Ball
1-2: SINGLE (Groundball, 34S, EV 66.3 MPH) (infield hit)
Batting: RHB Dusty Ballard 0-0: Ball
1-0: Ball
2-0: Ball
3-0: Called Strike
3-1: Called Strike
3-2: Foul Ball, location: 2F
3-2: Fly out, F8 (Flyball, 78M, EV 93.8 MPH)
Top of the 8th over - 0 runs, 1 hit, 0 errors, 1 left on base; California State University at Fullerton 2 - University of North Carolina at Chapel Hill 0
BOTTOM OF THE 8TH
University of North Carolina at Chapel Hill Tar Heels batting - Pitching for California State University at Fullerton Titans : LHP Brian Friedland
Batting: LHB Kevin Wiebe 0-0: Ball
1-0: Foul Ball, location: 2F
1-1: Ball
2-1: Ball
3-1: Foul Ball, location: 2F
3-2: Base on Balls
Batting: RHB Frank Caulfield 0-0: Grounds into double play, 4-6-3 (Groundball, 4, EV 102.5 MPH)
Batting: SHB Chris Kinsey 0-0: SINGLE (Groundball, 34S, EV 71.9 MPH) (infield hit)
Batting: RHB Blake Beale 0-0: Swinging Strike
0-1: Foul Ball, location: 2F
0-2: Ball
1-2: Foul Ball, location: 2F
1-2: Foul Ball, location: 2F
1-2: Ball
2-2: Fly out, F4 (Popup, 4S, EV 75.6 MPH)
Bottom of the 8th over - 0 runs, 1 hit, 0 errors, 1 left on base; California State University at Fullerton 2 - University of North Carolina at Chapel Hill 0
TOP OF THE 9TH
California State University at Fullerton Titans batting - Pitching for University of North Carolina at Chapel Hill Tar Heels : LHP Dave Moore
Pinch Hitting: RHB Jayden Bain 0-0: Ball
1-0: Ball
2-0: Ball
3-0: Called Strike
3-1: Foul Ball, location: 2F
3-2: Ground out 1-3 (Groundball, 13, EV 63.8 MPH)
Batting: LHB Caleb Domino 0-0: Ball
1-0: Ball
2-0: Ball
3-0: Base on Balls
Batting: RHB Ingidayehu Lagat 0-0: Ball
1-0: Ball
2-0: Foul Ball, location: 2F
2-1: Fly out, F9 (Flyball, 89M, EV 78.8 MPH)
Batting: LHB Dana McDonald 0-0: Ball
1-0: Called Strike
1-1: Swinging Strike
1-2: Foul Ball, location: 2F
1-2: Foul Ball, location: 2F
1-2: Ball
2-2: Foul Ball, location: 2F
2-2: Ball
3-2: Foul Ball, location: 2F
3-2: Foul Ball, location: 2F
3-2: Strikes out swinging
Top of the 9th over - 0 runs, 0 hits, 0 errors, 1 left on base; California State University at Fullerton 2 - University of North Carolina at Chapel Hill 0
BOTTOM OF THE 9TH
University of North Carolina at Chapel Hill Tar Heels batting - Pitching for California State University at Fullerton Titans : LHP Brian Friedland
Pitching: RHP Corey Pierce
Batting: RHB Jim Fisher 0-0: Called Strike
0-1: Swinging Strike
0-2: Ball
1-2: Ground out 4-3 (Groundball, 4, EV 85.6 MPH)
Batting: RHB Matt Stepanek 0-0: Called Strike
0-1: Ball
1-1: Called Strike
1-2: Ball
2-2: Ball
3-2: SINGLE (Line Drive, 89M, EV 107.5 MPH)
Batting: LHB Dave Moore 0-0: Ball
1-0: SINGLE (Groundball, 6MD, EV 100.0 MPH)
Matt Stepanek to second
Batting: LHB Soo-yeon Kym 0-0: Called Strike
0-1: Swinging Strike
0-2: Strikes out swinging
Pitching: RHP Joe Corona
Batting: RHB Steve Gajewski 0-0: Fly out, F8 (Flyball, 8LM, EV 90.0 MPH)
Bottom of the 9th over - 0 runs, 2 hits, 0 errors, 2 left on base; California State University at Fullerton 2 - University of North Carolina at Chapel Hill 0
Wednesday, June 22nd , 2022 - OOTP Baseball 23.4 Build 64